 Dungeon Crawl Stone Soup version 0.31-a0-237-g2d982f9f85 (webtiles) character file.

Game seed: 851618155277022443

44 qw the Shooter (level 3, -4/29 HPs)
             Began as a Minotaur Hexslinger on July 10, 2023.
             Slain by Robin
             ... wielding a +0 spear
              (5 damage)
             ... on level 2 of the Dungeon.
             The game lasted 00:00:22 (880 turns).

qw the Shooter (Minotaur Hexslinger)                 Turns: 880, Time: 00:00:22

Health: -4/29      AC:  5    Str: 12    XL:     3   Next: 41%
Magic:  3/3        EV: 11    Int: 10    God:
Gold:   29         SH:  0    Dex: 14    Spells: 3/4 levels left

rFire   . . .        Y - +1 sling
rCold   . . .        (no shield)
rNeg    . . .        i - +0 ring mail
rPois   .            (helmet restricted)
rElec   .            (no cloak)
rCorr   .            (no gloves)
SInv    .            (no boots)
Will    .....        (no amulet)
Stlth   +            (no ring)
HPRegen 0.24/turn    (no ring)
MPRegen 0.08/turn

%: no passive effects
@: no status effects
A: horns 2, retaliatory headbutt
a: no special abilities


You were on level 2 of the Dungeon.
You visited 1 branch of the dungeon, and saw 2 of its levels.

You collected 29 gold pieces.


Innate Abilities, Weirdness & Mutations

You have a pair of horns on your head.
You reflexively headbutt those who attack you in melee.


   Skills:
 - Level 2.2 Fighting
 + Level 3.9 Ranged Weapons
 - Level 2.1 Dodging
 - Level 1.0 Spellcasting
 - Level 2.0 Hexes


You had 3 spell levels left.
You knew the following spells:

 Your Spells              Type           Power      Damage    Failure   Level
a - Slow                  Hex            16%        N/A       34%         1

Your spell library contained the following spells:

 Spells                   Type           Power      Damage    Failure   Level
 Inner Flame              Hex/Fire       2%         N/A       83%         3
 Portal Projectile        Hex/Tloc       4%         N/A       83%         3
 Cause Fear               Hex            2%         N/A       98%         4

Inventory:

Hand Weapons
 Y - a +1 sling (weapon)
Armour
 i - a +0 ring mail (worn)
Potions
 g - a potion of attraction {unknown}
 h - a potion of heal wounds {unknown}
 j - a potion of enlightenment {unknown}

Dungeon Overview and Level Annotations

Branches:
Dungeon (2/15)

Altars:

Shops:
D:1 :

Annotations:
D:2 Robin


Message History

You shoot a sling bullet.
The sling bullet barely misses the hobgoblin.
The sling bullet hits the hobgoblin.
You kill the hobgoblin!
The goblin hits you with a +0 dagger. The hobgoblin closely misses you.
You furiously retaliate!
You headbutt the hobgoblin.
A goblin comes into view. It is wielding a +0 club.
You shoot a sling bullet.
The sling bullet closely misses the hobgoblin.
The goblin shouts!
The sling bullet hits Robin but does no damage.
The goblin closely misses you. Robin barely misses you.
The goblin hits you but does no damage. The hobgoblin barely misses you.
Robin barely misses you.
You shoot a sling bullet. The sling bullet hits the hobgoblin.
You kill the hobgoblin!
The goblin hits you with a +0 dagger.
A goblin comes into view. It is wielding a +0 dagger.
Robin throws the goblin at you!
You shoot a sling bullet. The goblin shouts!
The sling bullet hits the goblin!
You kill the goblin!
Robin hits you from afar with a +0 spear.
The goblin hits you with a +0 dagger.
You shoot a sling bullet. The sling bullet hits the hobgoblin.
The hobgoblin is moderately wounded.
Robin hits you from afar with a +0 spear.
The hobgoblin closely misses you.
The goblin hits you but does no damage. x2
The hobgoblin misses you. You furiously retaliate!
You headbutt the hobgoblin!
You kill the hobgoblin!
Robin closely misses you.
You shoot a sling bullet.
The sling bullet hits the goblin but does no damage.
The goblin hits you but does no damage. Robin throws the goblin at you!
You shoot a sling bullet. The sling bullet hits the goblin.
You kill the goblin!
The goblin hits you with a +0 dagger.
Robin hits you from afar with a +0 spear.
You die...

...........#...###
.#.........)..##.#
.####.##......#.#
.# #.####.###.# .#
#.# #...#.#### #
.# #.# #.#......#
.# .# ...
#...#.##.# .# ##
... ######.#g#.# #
... ##g@)# # ##.##
# .g# ## #.## .#
#. .# #. # # #.
... #. .#


You could see Robin and 2 goblins.

Vanquished Creatures
  A gnoll (D:1)
  A dart slug (D:1)
  7 ball pythons (D:1)
  4 bats (D:1)
  2 endoplasms
  A giant cockroach (D:1)
  5 goblins
  4 hobgoblins
  2 frilled lizards (D:1)
  2 kobolds (D:1)
  A rat (D:1)
30 creatures vanquished.

Notes
Turn   | Place    | Note
-------+----------+-------------------------------------------
     0 | D:1      | qw the Minotaur Hexslinger began the quest for the Orb.
     0 | D:1      | Reached XP level 1. HP: 16/16 MP: 1/1
     0 | D:1      | 0 ||| qw: Version: 0.3-a-52-g30416fa
     0 | D:1      | 0 ||| qw: Game counter: 5303
     0 | D:1      | 0 ||| qw: Melee chars always use a shield: true
     0 | D:1      | 0 ||| qw: God list: Okawaru
     0 | D:1      | 0 ||| qw: Allow faded altars: false
     0 | D:1      | 0 ||| qw: Do Orc after clearing Dungeon:15 true
     0 | D:1      | 0 ||| qw: Do second Lair branch before Depths: true
     0 | D:1      | 0 ||| qw: Lair rune preference: random
     0 | D:1      | 0 ||| qw: Goals: Normal
     0 | D:1      | 0 ||| PLANNING D:1-11
    42 | D:1      | Reached skill level 3 in Ranged Weapons
    42 | D:1      | Reached XP level 2. HP: 17/23 MP: 2/2
   406 | D:1      | 406 ||| Stepping ~*~*~tactically~*~*~ (water).
   409 | D:1      | Reached XP level 3. HP: 29/29 MP: 3/3
   457 | D:1      | 457 ||| FLEEEEING.
   458 | D:1      | 458 ||| FLEEEEING.
   459 | D:1      | 459 ||| FLEEEEING.
   460 | D:1      | 460 ||| FLEEEEING.
   663 | D:1      | Found Qelept's Book Shop.
   719 | D:1      | 719 ||| UPGRADING to +0 ring mail.
   729 | D:1      | 729 ||| DROPPING +0 robe.
   730 | D:1      | 730 ||| READING scroll labelled DUAB TURALOASK.
   731 | D:1      | 731 ||| READING scroll labelled JUR GIRGHOMETH.
   732 | D:1      | 732 ||| DRINKING 3 bubbling clear potions.
   783 | D:1      | 783 ||| DROPPING scroll of poison.
   784 | D:1      | 784 ||| DROPPING 2 potions of lignification.
   869 | D:2      | Noticed Robin
   877 | D:2      | HP: 6/29 [goblin/+0 dagger[Robin] (3)]
   878 | D:2      | HP: 2/29 [Robin/+0 spear (5)]
   880 | D:2      | Slain by Robin

Levels and vault maps discovered:
D:1:      dpeg_arrival_tiny_c, layout_rooms, serial_rivers,
          chequers_serial_rivers_marsh, chequers_serial_rivers_micro_c,
          chequers_serial_rivers_large_a, chequers_serial_rivers_marsh,
          serial_shops, nicolae_book_shop_shelving, hangedman_decor_push
D:2:      layout_loops_cross, uniq_robin, uniq_terence

Skill      XL: |  1  2 |
---------------+-------+-----
Ranged Weapons | 3 |  3.9
Fighting       | 2 |  2.2
Dodging        | |  2.1
Spellcasting   | |  1.0
Hexes          | |  2.0

Action                     || total
---------------------------++-------
   Fire: Sling             ||    80
    Use: Scroll            ||     2
         Potion            ||     1
 Armour: Robe              ||     3
         Ring mail         ||     6
  Dodge: Dodged            ||    27

Table legend:
 A = Non-vault XP
 B = Vault XP
 C = Vault XP percentage of total XP
 D = Non-vault monster count
 E = Vault monster count
 F = Vault count percentage of total count
                 A         B        C        D         E       F
            +---------+---------+-------+---------+---------+-------
      Total |      56 |      10 |  15.2 |      25 |       5 |  16.7
            +---------+---------+-------+---------+---------+-------
        D:1 |      52 |       0 |   0.0 |      23 |       0 |   0.0
        D:2 |       4 |      10 |  71.4 |       2 |       5 |  71.4
            +---------+---------+-------+---------+---------+-------
